 Dungeon Crawl Stone Soup version 0.20.1-1-g8b1a95d (webtiles) character file.

13125 Chaoticas the Geomancer (level 12, 0/78 HPs)
             Began as a Gargoyle Earth Elementalist on July 16, 2017.
             Slain by a killer bee (3 damage)
             ... on level 1 of the Lair of Beasts.
             The game lasted 00:57:10 (15282 turns).

Chaoticas the Geomancer (GrEE)                     Turns: 15282, Time: 00:57:10

Health: 0/78       AC: 19    Str: 13    XL:     12   Next: 2%
Magic:  13/24      EV: 12    Int: 20    God:
Gold:   524        SH:  0    Dex: 10    Spells: 13/28 levels left

rFire    . . .     SeeInvis .   b - +1 flail (venom)
rCold    . . .     Gourm    .   (no shield)
rNeg     + + .     Faith    .   B - +2 robe {rN+}
rPois    ∞         Spirit   .   y - +2 hat
rElec    +         Reflect  .   (no cloak)
rCorr    .         Harm     .   g - +0 pair of gloves
MR       .....                  E - +0 pair of boots
Stlth    +++.......             (no amulet)
Regen    0.3/turn               a - +3 ring of protection
MPRegen  0.2/turn               K - ring of stealth

@: no status effects
A: negative energy resistance 1, electricity resistance, unbreathing,
petrification resistance, rot immunity, AC +8
a: no special abilities


You were on level 1 of the Lair of Beasts.
You were not hungry.

You visited 2 branches of the dungeon, and saw 11 of its levels.
You also visited: Bailey.

You collected 677 gold pieces.
You spent 153 gold pieces at shops.

Inventory:

Hand Weapons
 b - a +1 flail of venom (weapon)
   (You took it off a gnoll on level 6 of the Dungeon)
 q - a +5 mace
   (You took it off a wight on level 10 of the Dungeon)
Missiles
 N - 41 tomahawks of returning (quivered)
 O - 46 stones
Armour
 g - a +0 pair of gloves (worn)
   (You found it on level 2 of the Dungeon)
 y - a +2 hat (worn)
   (You found it on level 4 of the Dungeon)
 B - a +2 robe of positive energy (worn)
   (You found it on level 5 of the Dungeon)
 C - a +1 robe of magic resistance
   (You took it off a wight on level 6 of the Dungeon)
 D - a +0 robe of cold resistance
   (You took it off a wight on level 6 of the Dungeon)
 E - a +0 pair of boots (worn)
   (You found it on level 6 of the Dungeon)
Jewellery
 a - a +3 ring of protection (left hand)
   (You found it on level 1 of the Dungeon)
 p - an uncursed ring of ice
   (You found it on level 9 of the Dungeon)
 t - an uncursed ring of flight
   (You found it on level 2 of the Dungeon)
 I - an uncursed amulet of guardian spirit
   (You found it on level 6 of the Dungeon)
 K - a ring of stealth (right hand)
   (You found it on level 7 of the Dungeon)
 R - an uncursed ring of protection from cold {unknown}
   (You found it on level 1 of the Lair of Beasts)
Wands
 G - a wand of enslavement (8/24)
   (You found it on level 6 of the Dungeon)
 J - a wand of confusion (34/48)
   (You found it on level 7 of the Dungeon)
 Q - a wand of random effects (34/48)
   (You found it on level 10 of the Dungeon)
 S - a wand of clouds (3/9)
   (You found it on level 10 of the Dungeon)
 V - a wand of flame (31/48)
   (You found it on level 1 of the Lair of Beasts)
Scrolls
 h - 5 scrolls of immolation
 j - 4 scrolls of magic mapping
 k - 4 scrolls of identify
 s - a scroll of enchant armour
 w - a scroll of fear
 z - 2 scrolls of amnesia
 L - a scroll of recharging
 P - a scroll of blinking
 U - 2 scrolls of remove curse
Potions
 c - 2 potions of magic
 f - 3 potions of flight
 l - a potion of haste {unknown}
 m - a potion of brilliance
 n - a potion of agility
 o - a potion of heal wounds
 r - 2 potions of lignification {unknown}
 u - a potion of might
 A - a potion of degeneration {unknown}
 H - 2 potions of mutation {unknown}
 T - a potion of curing
Books
 e - a book of Geomancy

   Spells                             Type                      Level
   a - Sandblast                      Earth                        1
   b - Passwall                       Transmutation/Earth          2
   c - Stone Arrow                    Conjuration/Earth            3
   d - Petrify                        Transmutation/Earth          4
   e - Lee's Rapid Deconstruction     Earth                        5
 x - a book of Minor Magic
   (You found it on level 9 of the Dungeon)

   Spells                             Type                      Level
   a - Magic Dart                     Conjuration                  1
   b - Blink                          Translocation                2
   c - Call Imp                       Summoning                    2
   d - Slow                           Hexes                        2
   e - Conjure Flame                  Conjuration/Fire             3
   f - Mephitic Cloud                 Conjuration/Poison/Air       3
 M - a book of Necromancy
   (You found it on level 9 of the Dungeon)

   Spells                             Type                      Level
   a - Pain                           Necromancy                   1
   b - Animate Skeleton               Necromancy                   1
   c - Vampiric Draining              Necromancy                   3
   d - Regeneration                   Charms/Necromancy            3
   e - Animate Dead                   Necromancy                   4
   f - Control Undead                 Necromancy                   4
Comestibles
 d - 8 bread rations
 i - 5 meat rations
 v - 3 royal jellies
 F - a fruit


   Skills:
 * Level 10.4 Fighting
 * Level 7.1 Maces & Flails
 - Level 1.5 Dodging
 - Level 2.1 Stealth
 - Level 8.5 Spellcasting
 - Level 8.4 Conjurations
   Level 0.7 Transmutations
 * Level 11.0 Earth Magic


You had 13 spell levels left.
You knew the following spells:

 Your Spells              Type           Power        Failure   Level  Hunger
a - Sandblast             Erth           ######       1%          1    None
b - Stone Arrow           Conj/Erth      #####.       1%          3    None
c - Lee's Rapid Deconstr  Erth           ######....   2%          5    #####..
d - Mephitic Cloud        Conj/Pois/Air  ###.....     8%          3    None
e - Regeneration          Chrm/Necr      #.........   24%         3    None


Dungeon Overview and Level Annotations

Branches:
Dungeon (10/15)              Lair (1/6) D:10            Orc (0/2) D:9
 Temple: D:4-7

Altars:
Ashenzari

Shops:
D:8 [   D:9 *

Portals:
Trove: D:10 (give 20 scrolls of identify)

Annotations:
D:10 Josephine


Innate Abilities, Weirdness & Mutations

You are resistant to torment.
Your stone body is resilient. (AC +8)
You are immune to poison.
You resist negative energy. (rN+)
You are resistant to electric shocks. (rElec)
You can survive without breathing.
You are immune to petrification.
You are immune to rotting.


Message History

The killer bee stings you but does no damage.
The killer bee barely misses you.
Casting: Stone Arrow
Confirm with . or Enter, or press ? or * to list all spells.
Aiming: Stone Arrow
Press: ? - help, Shift-Dir - straight line, f/p - killer bee
Aim: a killer bee (berserk, fast, unusually strong)
The stone arrow misses the killer bee.
The killer bee stings you but does no damage.
The killer bee closely misses you. x2
The killer bee stings you but does no damage. x2
The killer bee stings you.
The killer bee stings you but does no damage.
The killer bee closely misses you. The killer bee barely misses you.
The killer bee stings you but does no damage. x2
The killer bee stings you! The killer bee stings you.
The killer bee stings you but does no damage.
The killer bee stings you.
* * * LOW HITPOINT WARNING * * *
The killer bee rages.
The killer bee closely misses you. x2
The killer bee stings you but does no damage.
The killer bee stings you.
* * * LOW HITPOINT WARNING * * *
The killer bee closely misses you. The killer bee stings you.
* * * LOW HITPOINT WARNING * * *
The killer bee stings you but does no damage.
The killer bee misses you.
The killer bee stings you but does no damage. x2
The killer bee barely misses you.
The killer bee stings you but does no damage.
The killer bee stings you but does no damage. x2
The killer bee closely misses you. The killer bee barely misses you.
The killer bee rages.
The killer bee stings you.
* * * LOW HITPOINT WARNING * * *
The killer bee stings you.
* * * LOW HITPOINT WARNING * * *
The killer bee stings you!
* * * LOW HITPOINT WARNING * * *
The killer bee stings you but does no damage.
The killer bee barely misses you.
The killer bee stings you but does no damage.
There is a staircase back to the Dungeon here.
The killer bee stings you but does no damage.
The killer bee stings you!
* * * LOW HITPOINT WARNING * * *
The killer bee misses you. The killer bee barely misses you. x2
The killer bee misses you. The killer bee stings you.
You die...

#.....≈≈≈.≈.........
##.........≈≈........
#....................
##...................
#...................
#...y...............
#...................
##.yyy...............
#P..@................
#....................
##...................
##..................
#.................#
..#................#
##.###...............
#. ###.............
##.............


You could see a queen bee and 3 killer bees.

Vanquished Creatures
  A hydra (Lair:1)
  2 two-headed ogres
  Sonja (Lair:1)
  A centaur zombie (D:10)
  5 spiny frogs (Lair:1)
  2 komodo dragons (Lair:1)
  3 hippogriffs (Lair:1)
  3 wraiths (D:10)
  5 yaks
  A soldier ant (D:9)
  3 water moccasins
  A porcupine (Lair:1)
  8 orc warriors
  3 sky beasts
  A black bear (D:9)
  A phantom (D:10)
  3 centaurs
  6 ogres
  The ghost of rin1221 the Magician, an amateur GrWz (D:3)
  7 bullfrogs
  A wyvern zombie (D:9)
  2 scorpions
  A water moccasin skeleton (D:6)
  8 killer bees (Lair:1)
  16 wights
  2 howler monkeys (D:8)
  4 electric eels (D:9)
  10 crimson imps
  A bullfrog zombie (D:10)
  3 jellies
  4 bullfrog skeletons
  14 orc priests
  A gnoll shaman (D:6)
  9 hounds
  2 iguanas
  8 orc wizards
  6 worker ants
  2 worker ant zombies
  A howler monkey zombie (D:5)
  A howler monkey skeleton (D:8)
  12 adders
  20 gnolls
  A shadow imp (D:6)
  An adder zombie (D:7)
  2 adder skeletons
  3 worms
  3 dart slugs
  7 leopard geckos
  46 orcs
  4 giant cockroaches
  22 hobgoblins
  9 jackals
  3 quokkas
  2 ball pythons
  6 bats
  5 frilled lizards
  8 goblins
  9 kobolds
  2 leopard gecko skeletons (D:8)
  2 quokka zombies
  7 rats
328 creatures vanquished.

Vanquished Creatures (others)
  An adder (D:9)
  A shadow imp (D:9)
2 creatures vanquished.

Grand Total: 330 creatures vanquished

Notes
Turn   | Place    | Note
-------+----------+-------------------------------------------
     0 | D:1      | Chaoticas the Gargoyle Earth Elementalist began the quest for the Orb.
     0 | D:1      | Reached XP level 1. HP: 10/10 MP: 3/3
    32 | D:1      | HP: 5/10 [kobold (2)]
   294 | D:1      | Reached skill level 4 in Earth Magic
   294 | D:1      | Reached XP level 2. HP: 15/15 MP: 1/5
  1468 | D:2      | Reached XP level 3. HP: 19/19 MP: 3/6
  1650 | D:2      | Reached skill level 5 in Earth Magic
  1762 | D:2      | Learned a level 3 spell: Stone Arrow
  1919 | D:2      | Reached XP level 4. HP: 23/24 MP: 4/8
  2449 | D:3      | Noticed rin1221's ghost (amateur GrWz)
  2449 | D:3      | rin1221's ghost turns its malevolent gaze towards you.
  2452 | D:3      | HP: 11/24 [white imp/puff of frost[rin1221's ghost] (13)]
  2459 | D:3      | HP: 10/24 [ball python (1)]
  2465 | D:2      | HP: 8/24 [something/magic dart (2)]
  2473 | D:2      | Reached skill level 3 in Spellcasting
  2568 | D:3      | Reached XP level 5. HP: 28/28 MP: 6/9
  2587 | D:3      | Reached skill level 6 in Earth Magic
  2767 | D:3      | Reached skill level 1 in Conjurations
  2832 | D:3      | rin1221's ghost turns its malevolent gaze towards you.
  2838 | D:3      | Killed rin1221's ghost
  2838 | D:3      | Reached skill level 2 in Conjurations
  2838 | D:3      | Reached XP level 6. HP: 21/32 MP: 3/11
  3210 | D:4      | HP: 10/32 [ogre/giant club (11)]
  3474 | D:4      | Reached skill level 3 in Conjurations
  3474 | D:4      | Reached skill level 7 in Earth Magic
  3474 | D:4      | Reached XP level 7. HP: 36/36 MP: 8/12
  3521 | D:4      | Reached skill level 4 in Spellcasting
  3829 | D:4      | Reached skill level 4 in Conjurations
  4314 | D:5      | Entered Level 5 of the Dungeon
  4381 | D:5      | Reached skill level 8 in Earth Magic
  4381 | D:5      | Reached XP level 8. HP: 34/41 MP: 7/14
  4444 | D:5      | Reached skill level 5 in Conjurations
  4852 | D:5      | Found a shattered altar of Ashenzari.
  5469 | D:5      | Reached skill level 6 in Conjurations
  5476 | D:5      | Learned a level 5 spell: Lee's Rapid Deconstruction
  5612 | D:6      | Reached skill level 9 in Earth Magic
  5645 | D:6      | Reached skill level 5 in Spellcasting
  5918 | D:6      | HP: 19/41 [sky beast (2)]
  5920 | D:6      | HP: 9/41 [something (2)]
  5924 | D:6      | Reached skill level 7 in Conjurations
  5924 | D:6      | Reached XP level 9. HP: 10/45 MP: 13/16
  5953 | D:6      | HP: 5/45 [orc wizard/puff of flame (10)]
  6458 | D:6      | Reached skill level 10 in Earth Magic
  7121 | D:7      | Reached skill level 8 in Conjurations
  7718 | D:8      | Found Seph's Armour Shoppe.
  8023 | D:8      | Reached skill level 1 in Fighting
  8089 | D:8      | Reached skill level 2 in Fighting
  8199 | D:8      | Found a flagged portal.
  8202 | D:8      | Reached skill level 6 in Spellcasting
  8253 | D:8      | Reached skill level 3 in Fighting
  8314 | Bailey   | Entered a bailey
  8508 | Bailey   | Reached XP level 10. HP: 56/56 MP: 16/19
  8571 | Bailey   | HP: 28/56 [orc warrior/glaive (5)]
  8577 | Bailey   | HP: 8/56 [orc warrior/glaive (8)]
  8847 | D:8      | Reached skill level 4 in Fighting
  9582 | D:9      | Identified a book of Minor Magic
  9628 | D:9      | Learned a level 3 spell: Mephitic Cloud
  9772 | D:9      | Reached skill level 5 in Fighting
 10043 | D:9      | HP: 26/59 [wyvern zombie (9)]
 10547 | D:9      | Identified a book of Necromancy
 10565 | D:9      | Reached skill level 6 in Fighting
 10565 | D:9      | Reached skill level 7 in Spellcasting
 10869 | D:9      | Found a staircase to the Orcish Mines.
 10987 | D:9      | Found Nutteib's Assorted Antiques.
 11017 | D:9      | Bought an ichor-stained robe for 153 gold pieces
 11017 | D:9      | Identified the +0 robe of Defiance {Regen+} (You bought it in a shop on level 9 of the Dungeon)
 11388 | D:10     | Entered Level 10 of the Dungeon
 11466 | D:10     | Noticed Josephine
 11472 | D:10     | Found a portal to a secret trove of treasure.
 11477 | D:10     | Noticed a two-headed ogre
 11532 | D:10     | Reached skill level 7 in Fighting
 11600 | D:10     | Reached skill level 1 in Maces & Flails
 11637 | D:10     | Noticed a two-headed ogre
 11662 | D:9      | HP: 26/63 [two-headed ogre/giant club (21)]
 12190 | D:10     | Reached skill level 2 in Maces & Flails
 12363 | D:10     | Found a staircase to the Lair.
 12408 | D:10     | HP: 29/63 [two-headed ogre/giant club (16)]
 12409 | D:10     | Killed a two-headed ogre
 12409 | D:10     | Reached skill level 3 in Maces & Flails
 12590 | D:10     | Reached skill level 8 in Fighting
 12597 | D:10     | Reached XP level 11. HP: 68/68 MP: 4/22
 13005 | D:10     | Reached skill level 4 in Maces & Flails
 13042 | D:10     | Noticed a two-headed ogre
 13093 | D:9      | Killed a two-headed ogre
 13368 | Lair:1   | Entered Level 1 of the Lair of Beasts
 13383 | Lair:1   | Reached skill level 9 in Fighting
 13383 | Lair:1   | Reached skill level 8 in Spellcasting
 13497 | D:10     | Reached skill level 5 in Maces & Flails
 13828 | Lair:1   | Noticed Sonja
 13838 | Lair:1   | Noticed a four-headed hydra
 13845 | Lair:1   | Killed a four-headed hydra
 13847 | Lair:1   | Killed Sonja
 13847 | Lair:1   | Reached skill level 6 in Maces & Flails
 14145 | Lair:1   | Reached skill level 10 in Fighting
 14335 | Lair:1   | Learned a level 3 spell: Regeneration
 14975 | Lair:1   | Reached skill level 11 in Earth Magic
 15109 | Lair:1   | Reached XP level 12. HP: 76/78 MP: 17/24
 15111 | Lair:1   | Reached skill level 7 in Maces & Flails
 15277 | Lair:1   | HP: 34/78 [killer bee (6)]
 15281 | Lair:1   | HP: 15/78 [killer bee (8)]
 15282 | Lair:1   | HP: 3/78 [killer bee (12)]
 15282 | Lair:1   | Slain by a killer bee

Skill      XL: |  1  2  3  4  5  6  7  8  9 10 11 12 |
---------------+-------------------------------------+-----
Earth Magic    | 4 5 6 7 8 9 10 11 | 11.0
Spellcasting   | 3 4 5 6 7 8 |  8.5
Conjurations   | 2 3 4 7 8 |  8.4
Fighting       | 3 8 10 | 10.4
Maces & Flails | 3 6 7 |  7.1
Dodging        | |  1.5
Stealth        | |  2.1
Transmutations | |  0.7

Action                   |  1- 3 |  4- 6 |  7- 9 | 10-12 || total
-------------------------+-------+-------+-------+-------++-------
Melee: Unarmed           |    26 |       |       |       ||    26
       Short sword       |    39 |       |       |       ||    39
       Mace              |    15 |       |       |       ||    15
       Flail             |    12 |    73 |   126 |   211 ||   422
 Cast: Sandblast         |    19 |    43 |   207 |     6 ||   275
       Stone Arrow       |       |       |     5 |   202 ||   207
       Mephitic Cloud    |       |       |       |     3 ||     3
       Lee's Rapid Decon |       |       |       |     2 ||     2
  Use: Scroll            |     5 |     3 |     6 |    10 ||    24
       Potion            |       |     1 |       |       ||     1
 Stab: Sleeping          |     3 |     1 |       |     2 ||     6
  Eat: Chunk             |     3 |     5 |    13 |    18 ||    39
       Royal jelly       |       |       |     2 |       ||     2
       Fruit             |       |       |       |     6 ||     6
Armor: Robe              |    24 |       |    90 |   201 ||   315
       Leather armour    |    10 |    74 |    45 |       ||   129
Dodge: Dodged            |    66 |    79 |   152 |   289 ||   586
